 Dungeon Crawl Stone Soup version 0.29.1-1-gd02db6906a (webtiles) character file.

Game seed: 3966339918529988225

207 Kaiern the Sneak (level 5, -6/32 HPs)
             Began as a Tengu Brigand on Oct 6, 2022.
             Mangled by an iguana (8 damage)
             ... on level 3 of the Dungeon.
             The game lasted 00:07:18 (2915 turns).

Kaiern the Sneak (Tengu Brigand)                    Turns: 2915, Time: 00:07:19

Health: -6/32      AC:  4    Str: 11    XL:     5   Next: 85%
Magic:  6/6        EV: 15    Int: 12    God:
Gold:   40         SH:  5    Dex: 17    Spells: 4/4 levels left

rFire   . . .      SeeInvis .   a - +2 dagger
rCold   + . .      Faith    .   (no shield)
rNeg    . . .      Spirit   .   k - +0 leather armour
rPois   .          Reflect  +   (helmet restricted)
rElec   .          Harm     .   c - +0 cloak
rCorr   .          Rampage  .   (no gloves)
Will    .....                   (boots unavailable)
Stlth   +++.......              f - amulet of reflection
HPRegen 0.10/turn               q - ring of protection from cold
MPRegen 0.10/turn               (no ring)

@: flying quickly and evasively, quick
A: beak, talons 3, nimble flight
a: no special abilities


You were on level 3 of the Dungeon.
You visited 1 branch of the dungeon, and saw 3 of its levels.

You collected 40 gold pieces.

Inventory:

Hand Weapons
 a - a +2 dagger (weapon)
Missiles
 d - 10 poisoned darts (quivered)
 e - 3 curare-tipped darts
Armour
 b - a +0 robe
 c - a +0 cloak (worn)
 k - a +0 leather armour (worn)
Jewellery
 f - an amulet of reflection (around neck)
 j - an amulet of magic regeneration
 q - a ring of protection from cold (left hand)
Wands
 o - a wand of roots (3)
Scrolls
 h - 4 scrolls of teleportation {unknown}
 l - 3 scrolls of identify {unknown}
 n - a scroll of enchant armour {unknown}
 p - a scroll of silence {unknown}
 t - a scroll of vulnerability {unknown}
 v - a scroll of enchant weapon {unknown}
Potions
 g - 2 potions of lignification {unknown}
 i - 2 potions of degeneration {unknown}
 m - 2 potions of magic {unknown}
 r - 2 potions of heal wounds {unknown}
 s - a potion of invisibility {unknown}
 u - 2 potions of might {unknown}


   Skills:
 + Level 3.3 Fighting
 + Level 3.7 Short Blades
 - Level 2.0 Throwing
 + Level 3.0 Dodging
 + Level 5.0 Stealth


You had 4 spell levels left.
You didn't know any spells.
Your spell library contained the following spells:

 Spells                   Type           Power      Damage    Failure   Level
 Slow                     Hex            0%         N/A       41%         1
 Summon Small Mammal      Summ           0%         N/A       41%         1
 Call Canine Familiar     Summ           0%         N/A       78%         3
 Confusing Touch          Hex            0%         N/A       78%         3
 Ozocubu's Armour         Ice            0%         N/A       78%         3
 Summon Guardian Golem    Hex/Summ       0%         N/A       78%         3
 Vampiric Draining        Necr           0%         2d6       78%         3
 Petrify                  Tmut/Erth      0%         N/A       99%         4
 Iskenderun's Battlesphe  Conj           0%         2d6       100%        5
 Metabolic Englaciation   Hex/Ice        0%         N/A       100%        5
 Iron Shot                Conj/Erth      0%         9d1       100%        6
 Simulacrum               Ice/Necr       0%         N/A       100%        6
 Statue Form              Tmut/Erth      0%         N/A       100%        6
 Spellforged Servitor     Conj/Summ      0%         N/A       100%        7


Dungeon Overview and Level Annotations

Branches:
Dungeon (3/15)

Altars:

Annotations:
D:1 1 runed translucent door


Innate Abilities, Weirdness & Mutations

You have a beak for a mouth.
You have claws for feet.
Your magical nature lets you fly swiftly and evasively.


Message History

The poisoned dart barely misses the iguana.
Throw: 11 darts (poison)
Press: ? - help, Q - select action, (/) - cycle Shift-Dir - straight line, f/p - iguana
Aim: an iguana (65% to hit)
You throw a poisoned dart. The poisoned dart hits the iguana.
The iguana is poisoned.
The iguana closely misses you.
You closely miss the iguana.
The iguana is lightly wounded.
The iguana bites you!
You closely miss the iguana. Your punch misses the iguana.
The iguana is lightly wounded.
The iguana barely misses you.
You closely miss the iguana. You claw the iguana, but do no damage.
You peck the iguana.
The iguana is moderately wounded.
The iguana bites you!
You hit the iguana but do no damage. You peck the iguana.
The iguana is heavily wounded.
The iguana closely misses you.
You hit the iguana.
The iguana is severely wounded.
You hit the iguana. You claw the iguana.
The iguana is almost dead.
The iguana looks more healthy.
The iguana closely misses you.
You hit the iguana but do no damage. You claw the iguana, but do no damage.
You peck the iguana, but do no damage.
The iguana is almost dead.
The iguana bites you.
You hit the iguana but do no damage. Your kick misses the iguana.
The iguana is almost dead.
The iguana bites you!
* * * LOW HITPOINT WARNING * * *
You barely miss the iguana. Your kick misses the iguana.
The iguana is almost dead.
The iguana bites you but does no damage.
You hit the iguana but do no damage. Your kick misses the iguana.
The iguana is almost dead.
The iguana bites you!
You die...

#.##.#..
! #.# #
#.# #.#
######.#
#......#
#.######
#.# #@#
#l# #.#
#.# #.#
#.# .(.
.##


You could see an iguana.

Vanquished Creatures
  Natasha (thrice) (D:2)
  4 gnolls (D:2)
  4 adders
  2 dart slugs (D:2)
  5 endoplasms
  4 giant cockroaches (D:2)
  6 goblins
  3 hobgoblins
  3 jackals (D:1)
  A quokka (D:1)
  5 ball pythons
  7 bats
  6 frilled lizards
  A kobold (D:1)
  4 rats
58 creatures vanquished.

Notes
Turn   | Place    | Note
-------+----------+-------------------------------------------
     0 | D:1      | Kaiern the Tengu Brigand began the quest for the Orb.
     0 | D:1      | Reached XP level 1. HP: 12/12 MP: 2/2
     1 | D:1      | Found a runed translucent door.
   119 | D:1      | Reached XP level 2. HP: 16/17 MP: 3/3
   245 | D:1      | Found a faded altar of an unknown god.
   715 | D:1      | Reached XP level 3. HP: 22/22 MP: 4/4
  1298 | D:2      | Reached XP level 4. HP: 12/27 MP: 5/5
  1977 | D:2      | Noticed Natasha
  1985 | D:2      | Killed Natasha
  1986 | D:2      | Gained mutation: Your magical nature lets you fly swiftly
                  | and evasively. [Tengu growth]
  1986 | D:2      | Reached XP level 5. HP: 13/32 MP: 6/6
  2194 | D:2      | Noticed Natasha
  2209 | D:2      | Killed Natasha
  2503 | D:2      | Noticed Natasha
  2515 | D:2      | Killed Natasha
  2821 | D:3      | Reached skill level 5 in Stealth
  2915 | D:3      | Mangled by an iguana

Illustrated notes

Levels and vault maps discovered:
D:1:      dpeg_arrival_caged_fury, layout_loops_ring,
          ebering_ecumenical_altar_mist
D:2:      layout_basic, uniq_natasha
D:3:      layout_loops_ring, nicolae_wu_jian_wuxing_cycle, serial_rivers,
          chequers_serial_rivers_large_b, chequers_serial_rivers_small_3,
          chequers_serial_rivers_micro_b, chequers_serial_rivers_small_a,
          uniq_terence, uniq_jessica

Skill      XL: |  1  2  3  4  5 |
---------------+----------------+-----
Dodging        | 2 3 |  3.0
Short Blades   | 3 |  3.7
Fighting       | 3 |  3.3
Stealth        | 5 |  5.0
Throwing       | |  2.0

Action                   |  1- 3 |  4- 6 || total
-------------------------+-------+-------++-------
Melee: Dagger            |    76 |    56 ||   132
       Kick              |    16 |    17 ||    33
       Peck              |    10 |     8 ||    18
       Punch             |     1 |       ||     1
Throw: Dart              |    12 |     5 ||    17
 Stab: Sleeping          |    13 |     6 ||    19
       Distracted        |       |     1 ||     1
Armor: Robe              |     3 |       ||     3
       Leather armour    |    12 |     6 ||    18
Dodge: Dodged            |    25 |    15 ||    40
Block: Other             |    10 |     5 ||    15
